[Event "Titled Tuesday Blitz March 15 Late 2022"]
[White "Plotnikov, Pavel"]
[Black "Arabidze, Meri"]
[WhiteFideId "4170342"]
[BlackFideId "13604040"]
[WhiteElo "2298"]
[BlackElo "2335"]
[Result "0-1"]
[Round "05"]
[TimeControl "180+1"]
[Date "2022.03.16"]
[WhiteClock "0:00:04"]
[BlackClock "0:00:10"]

1. e4 c5 2. c3 e6 3. d4 d5 4. exd5 exd5 5. Nf3 Nc6 6. Be2 Bd6 7. O-O Nge7 8. dxc5 Bxc5 9. Nbd2 O-O 10. Nb3 Bd6 11. Nbd4 a6 12. Re1 Bc7 13. Bg5 f6 14. Bh4 Ne5 15. Bg3 N7g6 16. Bd3 Bg4 17. h3 Nxf3+ 18. Nxf3 Bxg3 19. hxg4 Qb6 20. Nd4 Be5 21. Bxg6 hxg6 22. Qd2 g5 23. Rad1 Rad8 24. g3 Rfe8 25. Kg2 Bxd4 26. Qxd4 Qxd4 27. Rxe8+ Rxe8 28. Rxd4 Re2 29. Rb4 b5 30. Kf3 Rc2 31. Ke3 Kf7 32. a4 bxa4 33. Rxa4 Rxb2 34. Rxa6 Rc2 35. Rc6 d4+ 36. Kxd4 Rxf2 37. Ke4 g6 38. Rd6 Ke7 39. Rd3 Ke6 40. c4 Rc2 41. Kd4 f5 42. c5 f4 43. Rf3 Rg2 44. gxf4 Rxg4 45. Ke4 Rh4 46. Ke3 g4 47. Rf2 Kd5 48. Rc2 Rh3+ 0-1


[Site "https://www.chess.com"]

[Event "Titled Tuesday Blitz March 15 Late 2022"]
[White "Quesada Perez, Yuniesky"]
[Black "Svane, Rasmus"]
[WhiteFideId "3504409"]
[BlackFideId "4657101"]
[WhiteElo "2622"]
[BlackElo "2645"]
[Result "0-1"]
[Round "05"]
[TimeControl "180+1"]
[Date "2022.03.15"]
[WhiteClock "0:00:15"]
[BlackClock "0:00:21"]

1. e4 c6 2. d4 d5 3. e5 Bf5 4. Nf3 e6 5. c3 Ne7 6. Be2 Ng6 7. O-O Nd7 8. Re1 Be7 9. Nbd2 f6 10. exf6 Nxf6 11. Nf1 O-O 12. Ng3 Bd6 13. Bd3 Bg4 14. Qc2 Bxf3 15. Bxg6 Bxg2 16. Kxg2 hxg6 17. Qxg6 Qe8 18. Qg5 Qf7 19. Re2 Ne4 20. Qg4 Bxg3 21. hxg3 Nxf2 22. Qxe6 Qxe6 23. Rxe6 Ne4 24. Bf4 g5 25. Be5 Rf2+ 26. Kh3 Kf7 27. Rh6 g4+ 28. Kxg4 Rg8+ 29. Kh3 Ng5+ 30. Kg4 Ne4+ 31. Kh3 Ng5+ 32. Kg4 Nf3+ 33. Kf4 Nh2+ 34. Ke3 Ng4+ 35. Kd3 Nxh6 0-1


[Site "https://www.chess.com"]

[Event "Titled Tuesday Blitz March 15 Late 2022"]
[White "Rabineau, Clement"]
[Black "P., Komal Kishore"]
[WhiteFideId "628891"]
[BlackFideId "5016703"]
[WhiteElo "2237"]
[BlackElo "2126"]
[Result "1-0"]
[Round "05"]
[TimeControl "180+1"]
[Date "2022.03.16"]
[WhiteClock "0:00:07"]
[BlackClock "0:00:02"]

1. e4 c6 2. d4 d5 3. f3 dxe4 4. fxe4 e5 5. Nf3 exd4 6. Bc4 Bb4+ 7. c3 dxc3 8. Bxf7+ Ke7 9. Qxd8+ Kxd8 10. Bg5+ Nf6 11. Nxc3 Rf8 12. Bb3 Be7 13. O-O-O+ Kc7 14. Bf4+ Kb6 15. Bc4 a5 16. Be3+ Kc7 17. Bf4+ Kb6 18. Na4+ Ka7 19. Be3+ c5 20. Nxc5 b6 21. Na4 Nbd7 22. e5 Ng4 23. Bd4 Bb7 24. Be6 Bxf3 25. gxf3 Ngxe5 26. Nxb6 Nxb6 27. Bxe5 Rxf3 28. Kb1 Bh4 29. Bd4 Re8 30. Bd5 Rf4 31. Bc6 Rc8 32. Bg2 Bf2 33. Rhf1 Rxd4 34. Rxd4 Bxd4 35. Rf7+ Ka6 36. Bb7+ Kb5 37. Bxc8 Nxc8 38. Rf8 Bf6 39. Rxc8 h6 40. Rb8+ Ka4 41. Rg8 Be5 42. Re8 Bf6 43. Rb8 h5 44. Rb7 h4 45. Rf7 Be5 46. h3 Bf6 47. Kc2 Kb4 48. Rb7+ Kc4 49. Rc7+ Kb5 50. Rb7+ Kc6 51. Rb3 Kc5 52. Rf3 a4 53. Rf1 Kc4 54. Rd1 Kb4 55. Rd3 Kb5 56. b3 axb3+ 57. axb3 Kb4 58. Rf3 Be5 59. Rf5 Bf6 60. Rf4+ 1-0


[Site "https://www.chess.com"]

[Event "Titled Tuesday Blitz March 15 Late 2022"]
[White "Rastbod, Ali"]
[Black "Bluebaum, Matthias"]
[WhiteFideId "12567477"]
[BlackFideId "24651516"]
[WhiteElo "2200"]
[BlackElo "2550"]
[Result "0-1"]
[Round "05"]
[TimeControl "180+1"]
[Date "2022.03.15"]
[WhiteClock "0:00:29"]
[BlackClock "0:01:05"]

1. d4 Nf6 2. c4 e6 3. Nf3 d5 4. Nc3 Bb4 5. Qa4+ Nc6 6. cxd5 exd5 7. Bg5 h6 8. Bxf6 Qxf6 9. e3 O-O 10. Bd3 Be6 11. O-O a6 12. Qc2 Bd6 13. a3 Rae8 14. b4 g5 15. Nd2 g4 16. g3 Ne7 17. f3 gxf3 18. Nxf3 Qg7 19. e4 dxe4 20. Bxe4 Bh3 21. Rf2 Nc6 22. Rd1 Kh8 23. Qd3 Bxg3 24. Rg2 Bf2+ 25. Kxf2 Qxg2+ 26. Ke3 f5 27. Rg1 f4# 0-1


[Site "https://www.chess.com"]

[Event "Titled Tuesday Blitz March 15 Late 2022"]
[White "Reprintsev, Alexander"]
[Black "Prohorov, Olexandr"]
[WhiteFideId "14100541"]
[BlackFideId "14105578"]
[WhiteElo "2108"]
[BlackElo "1993"]
[Result "0-1"]
[Round "05"]
[TimeControl "180+1"]
[Date "2022.03.16"]
[WhiteClock "0:00:09"]
[BlackClock "0:00:22"]

1. e4 Nc6 2. d4 d5 3. exd5 Qxd5 4. Nf3 Bg4 5. Be2 Nf6 6. c4 Qa5+ 7. Bd2 Qh5 8. d5 Ne5 9. Nxe5 Qxe5 10. f3 Bf5 11. Bc3 Qe3 12. Bd4 Qg5 13. O-O O-O-O 14. Bxa7 e6 15. Nc3 exd5 16. cxd5 Bh3 17. Rf2 Bd6 18. Qa4 Rhe8 19. f4 Qg6 20. Bd4 Rxe2 21. Nxe2 Nxd5 22. Be5 Bc5 23. Nd4 f6 24. f5 Qg4 25. Qd1 Qxd1+ 26. Rxd1 fxe5 27. Ne6 Bxf2+ 28. Kxf2 Bg4 29. Rd2 Rd7 30. Nc5 Rd6 31. Ne4 Rd8 32. Ng3 h5 33. h3 h4 34. hxg4 hxg3+ 35. Kxg3 Nb4 36. Re2 Rd3+ 37. Kh4 Nc6 38. g5 Kd7 39. g4 Ke7 40. Kh5 Rh3+ 41. Kg6 Kf8 42. a3 Ne7# 0-1


[Site "https://www.chess.com"]

[Event "Titled Tuesday Blitz March 15 Late 2022"]
[White "Riehle, Marco"]
[Black "Bortnyk, Olexandr"]
[WhiteFideId "12904392"]
[BlackFideId "14120828"]
[WhiteElo "2462"]
[BlackElo "2723"]
[Result "1/2-1/2"]
[Round "05"]
[TimeControl "180+1"]
[Date "2022.03.16"]
[WhiteClock "0:00:19"]
[BlackClock "0:00:06"]

1. e4 d6 2. d4 Nf6 3. f3 e5 4. d5 Be7 5. Be3 c6 6. c4 a6 7. Qd2 b5 8. dxc6 Nxc6 9. cxb5 axb5 10. Bxb5 Bd7 11. Ne2 O-O 12. Nbc3 Na5 13. Bxd7 Nxd7 14. O-O Nc4 15. Qc1 Nxe3 16. Qxe3 d5 17. Qd2 Bc5+ 18. Kh1 d4 19. Nd5 Nb6 20. Nxb6 Qxb6 21. Nc1 Bb4 22. Qe2 Rfe8 23. Nd3 Re6 24. Rfc1 Be7 25. a3 h5 26. Rc4 h4 27. h3 Qb3 28. Rac1 Kh7 29. Qc2 Rb8 30. Qxb3 Rxb3 31. Rd1 f6 32. Kg1 Reb6 33. Rd2 Kg6 34. Kf2 Rb7 35. Ke2 Kg5 36. Kf2 g6 37. g3 Rxd3 38. gxh4+ Kf4 39. Rxd3 Rxb2+ 40. Ke1 f5 41. exf5 Bxh4+ 42. Kd1 gxf5 43. a4 Ra2 44. Kc1 Bf2 45. Kb1 Re2 46. a5 e4 47. fxe4 fxe4 48. Rdxd4 Bxd4 49. Rxd4 Rg2 50. a6 Rg7 51. Ra4 Ra7 52. Kc2 Ke3 53. Kd1 Kf2 54. Ra2+ Kf1 55. Kd2 Kf2 56. Kd1+ Kf1 57. Kd2 Kf2 58. Kd1+ 1/2-1/2


[Site "https://www.chess.com"]

[Event "Titled Tuesday Blitz March 15 Late 2022"]
[White "Rosen, Eric"]
[Black "Urbina Perez, Juan Antonio"]
[WhiteFideId "2032562"]
[BlackFideId "2217368"]
[WhiteElo "2362"]
[BlackElo "2192"]
[Result "1-0"]
[Round "05"]
[TimeControl "180+1"]
[Date "2022.03.16"]
[WhiteClock "0:00:06"]
[BlackClock "0:00:16"]

1. d4 Nf6 2. Bf4 d5 3. e3 e6 4. Nf3 Bd6 5. Ne5 c5 6. Bb5+ Ke7 7. c3 Qc7 8. Nd2 a6 9. Ba4 Nc6 10. Ndf3 Nh5 11. Nxc6+ bxc6 12. Bxd6+ Qxd6 13. Ne5 g6 14. Qf3 f5 15. Nxc6+ Kf6 16. g4 Ng7 17. Ne5 Rb8 18. g5+ Ke7 19. Nc6+ Kf7 20. Nxb8 Qxb8 21. b3 Nh5 22. dxc5 Qe5 23. Rc1 Rd8 24. h4 d4 25. cxd4 Rxd4 26. Qc6 Nf4 27. Qe8+ Kg7 28. Qe7+ Kg8 29. Be8 Nd3+ 30. Kf1 Rd7 31. Bxd7 Qe4 32. Qxe6+ Qxe6 33. Bxe6+ Bxe6 34. Rd1 Ne5 35. Rd6 Kf7 36. f4 Ng4 37. Ke2 Ke7 38. Rxa6 Bd5 39. Ra7+ Ke6 40. Rd1 Nh2 41. Ra6+ Ke7 42. Rxd5 Ng4 43. b4 h5 44. Rdd6 1-0


[Site "https://www.chess.com"]

[Event "Titled Tuesday Blitz March 15 Late 2022"]
[White "Rosenberg, Evan S"]
[Black "Sokolovsky, Yahli"]
[WhiteFideId "2019299"]
[BlackFideId "2820242"]
[WhiteElo "2292"]
[BlackElo "1770"]
[Result "0-1"]
[Round "05"]
[TimeControl "180+1"]
[Date "2022.03.16"]
[WhiteClock "0:00:08"]
[BlackClock "0:01:31"]

1. Nf3 d5 2. d4 e6 3. c4 c6 4. g3 Bd6 5. Bg2 f5 6. O-O Nf6 7. Nfd2 Ne4 8. f3 Nxg3 9. hxg3 Bxg3 10. f4 Qh4 11. Nf3 Qh5 12. e3 O-O 13. Nc3 Rf6 14. Ne2 Rg6 15. Nxg3 Rxg3 16. Ng5 Qg6 17. Rf3 Rg4 18. cxd5 exd5 19. Rf2 h6 20. Nf3 Nd7 21. b3 h5 22. Ba3 h4 23. Kf1 Qh5 24. Bh3 Rg3 25. Ng1 Qg6 26. Ke2 Nf6 27. Qf1 Ne4 28. Rg2 b6 29. Kd3 Ba6+ 0-1


[Site "https://www.chess.com"]

[Event "Titled Tuesday Blitz March 15 Late 2022"]
[White "Sadilek, Peter"]
[Black "Romero Ruscalleda, Josep"]
[WhiteFideId "1616439"]
[BlackFideId "2231859"]
[WhiteElo "2145"]
[BlackElo "2330"]
[Result "1-0"]
[Round "05"]
[TimeControl "180+1"]
[Date "2022.03.16"]
[WhiteClock "0:00:09"]
[BlackClock "0:00:29"]

1. e4 g6 2. d4 Bg7 3. Nc3 d6 4. Be3 a6 5. h4 h5 6. Nf3 b5 7. Ng5 Nf6 8. f3 e6 9. Qd2 Bb7 10. a4 b4 11. Ne2 a5 12. Nf4 Qe7 13. Bb5+ c6 14. Be2 Ba6 15. O-O Bxe2 16. Qxe2 d5 17. c4 O-O 18. e5 Nfd7 19. cxd5 cxd5 20. Rac1 Nb6 21. b3 N8d7 22. Bf2 Rfc8 23. Qb5 Rc3 24. Rxc3 bxc3 25. Rc1 Qb4 26. Qxb4 axb4 27. Nd3 Nxa4 28. bxa4 Rxa4 29. Be3 Nb6 30. Nc5 Ra2 31. Rb1 Rb2 32. Ra1 b3 33. Bc1 Ra2 34. Nxb3 Rxa1 35. Nxa1 Bf8 36. Nc2 Nc4 37. Kf2 Be7 38. Ke2 Nb2 39. f4 Kf8 40. Nf3 Ke8 41. Nfe1 Bxh4 42. Nd3 Nc4 43. Na3 Bg3 44. Nxc4 dxc4 45. Nb4 h4 46. Na2 c2 47. Nb4 f6 48. Nxc2 fxe5 49. dxe5 Kd7 50. Be3 Kc6 51. Kd2 Kd5 52. Nd4 Ke4 53. Nxe6 c3+ 54. Ke2 c2 55. Ng5+ Kf5 56. e6 Bxf4 57. Bxf4 Kxf4 58. Kd2 Kxg5 59. e7 Kg4 60. e8=Q Kg3 61. Qe4 g5 62. Qf3+ Kh2 63. Qh3+ Kg1 64. Kxc2 g4 65. Qxg4 h3 66. gxh3+ Kh2 67. h4 1-0


[Site "https://www.chess.com"]

[Event "Titled Tuesday Blitz March 15 Late 2022"]
[White "Sailer, Mike"]
[Black "Kostiukov, Alexandr"]
[WhiteFideId "2012901"]
[BlackFideId "14108100"]
[WhiteElo "2109"]
[BlackElo "2202"]
[Result "1-0"]
[Round "05"]
[TimeControl "180+1"]
[Date "2022.03.16"]
[WhiteClock "0:00:04"]
[BlackClock "0:00:17"]

1. d4 g6 2. Nf3 Bg7 3. Bf4 d6 4. e3 Nf6 5. c4 O-O 6. Nc3 a6 7. Be2 Nbd7 8. O-O Re8 9. b4 e5 10. Bg3 e4 11. Nd2 Qe7 12. Qc2 a5 13. b5 c5 14. dxc5 dxc5 15. Nd5 Nxd5 16. cxd5 Bxa1 17. Rxa1 b6 18. Nc4 Bb7 19. Rd1 Nf6 20. Nxb6 Rad8 21. d6 Qe6 22. Qxc5 Qxa2 23. d7 Qxe2 24. dxe8=Q+ Rxe8 25. Rc1 Rd8 26. h3 Nh5 27. Be5 Ng7 28. Kh2 Ne6 29. Qe7 Qd2 30. Qf6 Kf8 31. Qh8+ Ke7 32. Bf6+ Kd6 33. Nc4+ Kc5 34. Bxd8 Kxb5 35. Nxd2 Ka6 36. Rb1 a4 37. Rxb7 Kxb7 38. Bf6 Kc6 39. Qg7 Kd5 40. Qxf7 1-0


[Site "https://www.chess.com"]

[Event "Titled Tuesday Blitz March 15 Late 2022"]
[White "Sanchez Alvares, Kelvin Antonio"]
[Black "Dauner, Benedikt"]
[WhiteFideId "3906680"]
[BlackFideId "16225899"]
[WhiteElo "2193"]
[BlackElo "2230"]
[Result "1/2-1/2"]
[Round "05"]
[TimeControl "180+1"]
[Date "2022.03.16"]
[WhiteClock "0:00:17"]
[BlackClock "0:00:06"]

1. e4 c5 2. Nf3 Nf6 3. Nc3 d5 4. exd5 Nxd5 5. Bb5+ Bd7 6. Ne5 Bxb5 7. Qf3 f6 8. Qxd5 Qxd5 9. Nxd5 Na6 10. Nc3 Nc7 11. Nxb5 Nxb5 12. Nc4 O-O-O 13. d3 Nd4 14. Kd1 e5 15. Be3 Nc6 16. a4 b6 17. Ke2 Kc7 18. Rhd1 Be7 19. f4 exf4 20. Bxf4+ Kb7 21. c3 Rhe8 22. Kf1 g5 23. Bg3 f5 24. Bf2 Bf6 25. Rd2 f4 26. Re1 Kc7 27. Rxe8 Rxe8 28. Re2 Rxe2 29. Kxe2 h5 30. Kf3 Kd7 31. h4 Ke6 32. hxg5 Bxg5 33. Ke4 Ne7 34. b4 Nd5 35. bxc5 Nxc3+ 36. Kf3 Nxa4 37. cxb6 axb6 38. Bxb6 Nc3 39. Bd4 Nd5 40. Nd2 Kf5 41. Ne4 Be7 42. Bc5 Bxc5 43. Nxc5 Nb4 44. d4 Nc6 45. d5 Nd4+ 46. Kf2 Ke5 47. Nd3+ Ke4 48. Nb4 Nf5 49. Ke2 h4 50. Kf2 Nd6 51. Ke2 Nf5 52. Kf2 Ke5 53. Kf3 Ne7 54. Kg4 Ng6 55. Kg5 Ne7 56. Kxh4 Nxd5 57. Nxd5 Kxd5 58. Kg4 Ke4 59. Kg5 f3 60. gxf3+ Kxf3 1/2-1/2


[Site "https://www.chess.com"]

[Event "Titled Tuesday Blitz March 15 Late 2022"]
[White "Sarkar, Justin"]
[Black "Jeet, Jain"]
[WhiteFideId "2010011"]
[BlackFideId "5073022"]
[WhiteElo "2038"]
[BlackElo "2085"]
[Result "0-1"]
[Round "05"]
[TimeControl "180+1"]
[Date "2022.03.16"]
[WhiteClock "0:00:01"]
[BlackClock "0:01:28"]

1. d4 Nf6 2. c4 c5 3. d5 b5 4. cxb5 a6 5. e3 g6 6. Nc3 Bg7 7. a4 O-O 8. Ra3 e6 9. e4 exd5 10. exd5 Re8+ 11. Be2 d6 12. Nf3 axb5 13. axb5 Bb7 14. Rxa8 Bxa8 15. O-O Nbd7 16. Ne1 Nb6 17. Bf3 Qd7 18. Nc2 Nc4 19. Ne3 Ne5 20. Be2 h5 21. h3 h4 22. f4 Qa7 23. fxe5 Rxe5 24. Nc4 Re8 25. b6 Qd7 26. Bf3 Bb7 27. Bf4 Ba6 28. Nxd6 Rb8 29. Re1 Rxb6 30. Qd2 Rxd6 31. Bxd6 Qxd6 32. Ne4 Nxe4 33. Rxe4 Bf6 34. Kh1 Kg7 35. Qf4 Qb6 36. d6 Qxb2 37. Re8 g5 38. Qe3 Bb5 39. Rb8 Qa1+ 40. Qe1 Qxe1+ 41. Kh2 Be5+ 0-1


[Site "https://www.chess.com"]

[Event "Titled Tuesday Blitz March 15 Late 2022"]
[White "Senft, Sean"]
[Black "Karas, Marek"]
[WhiteFideId "2044960"]
[BlackFideId "14928558"]
[WhiteElo "1881"]
[BlackElo "2271"]
[Result "1-0"]
[Round "05"]
[TimeControl "180+1"]
[Date "2022.03.16"]
[WhiteClock "0:02:01"]
[BlackClock "0:00:01"]

1. d4 e5 2. c4 exd4 3. Qxd4 Nc6 4. Qd1 Bb4+ 5. Bd2 Qe7 6. g3 Nf6 7. Bg2 O-O 8. Nf3 a5 9. O-O Ne4 10. Nc3 Nxc3 11. Bxc3 Bxc3 12. bxc3 d6 13. Nd4 Bd7 14. Nxc6 Bxc6 15. Bxc6 bxc6 16. Rb1 Rab8 17. e3 Qe5 18. Qd4 f6 19. Qa7 Rxb1 20. Rxb1 Qxc3 21. Qxc7 Qxc4 22. Rb7 Qf7 23. Qxc6 Qxa2 24. Qxd6 h6 25. Ra7 Rf7 26. Ra8+ Kh7 27. Qd3+ f5 28. Ra6 a4 29. Kg2 Qa1 30. Qd5 Rf8 31. Qa5 Qb2 32. Qxa4 Qb7+ 33. Kh3 Qf3 34. Qf4 Qh5+ 35. Kg2 Rf7 36. h3 Qd1 37. Ra5 Qd3 38. g4 g6 39. Re5 Qc2 40. h4 Qc6+ 41. Kg3 Qd7 42. g5 h5 43. Qd4 Qb7 44. Re8 Rg7 45. Qe5 Qh1 46. Re7 Qg1+ 47. Kf3 Qh1+ 48. Ke2 Rxe7 49. Qxe7+ Kg8 50. Qf6 Kh7 51. Qf7+ Kh8 52. Qxg6 Qe4 53. Qxh5+ Kg7 54. Qh6+ Kf7 55. Qf6+ Kg8 56. Qd8+ Kg7 57. Qd4+ 1-0


[Site "https://www.chess.com"]

[Event "Titled Tuesday Blitz March 15 Late 2022"]
[White "Shimanov, Aleksandr"]
[Black "Sarana, Alexey"]
[WhiteFideId "4198603"]
[BlackFideId "24133795"]
[WhiteElo "2636"]
[BlackElo "2666"]
[Result "0-1"]
[Round "05"]
[TimeControl "180+1"]
[Date "2022.03.15"]
[WhiteClock "0:00:01"]
[BlackClock "0:00:13"]

1. d4 Nf6 2. Nf3 d5 3. c3 c5 4. dxc5 e6 5. b4 a5 6. e3 b6 7. Bb5+ Bd7 8. Bxd7+ Qxd7 9. a4 bxc5 10. b5 c4 11. Nbd2 Bc5 12. Qe2 Qb7 13. O-O Nbd7 14. e4 dxe4 15. Ng5 e3 16. fxe3 Qd5 17. Ngf3 Nb6 18. Kh1 O-O 19. e4 Qd3 20. Qxd3 cxd3 21. Ne5 Rfd8 22. Nc6 Rd7 23. e5 Nfd5 24. Ne4 Bf8 25. Rd1 f5 26. Nd6 Nxc3 27. Rxd3 Ncxa4 28. Be3 Nb2 29. Rd2 N2a4 30. h3 f4 31. Bf2 Bxd6 32. exd6 Nc4 33. Rc2 Nab6 34. Rac1 Ne3 35. Bxe3 fxe3 36. Rd1 Nd5 37. Ne5 Rxd6 38. Nc4 Rdd8 39. b6 a4 40. b7 Rab8 41. Rb1 Rd7 42. Na5 Kf7 43. Re2 Kg6 44. Kh2 Nc3 0-1


[Site "https://www.chess.com"]

[Event "Titled Tuesday Blitz March 15 Late 2022"]
[White "Sinitsina, Anastassia"]
[Black "Araujo Filho, Luiz Antonio Coel"]
[WhiteFideId "4504640"]
[BlackFideId "2130661"]
[WhiteElo "2144"]
[BlackElo "2209"]
[Result "0-1"]
[Round "05"]
[TimeControl "180+1"]
[Date "2022.03.16"]
[WhiteClock "0:00:03"]
[BlackClock "0:00:06"]

1. Nf3 f5 2. g3 Nf6 3. Bg2 g6 4. O-O Bg7 5. d4 O-O 6. c4 d6 7. Nc3 Nc6 8. Re1 e5 9. dxe5 dxe5 10. Qxd8 Rxd8 11. Bg5 e4 12. Nh4 Kf7 13. Rad1 Be6 14. Nd5 Bxd5 15. cxd5 Rxd5 16. Bxf6 Rxd1 17. Rxd1 Bxf6 18. Rd7+ Be7 19. Rxc7 Rb8 20. f3 Ke6 21. fxe4 Kd6 22. Rxe7 Nxe7 23. exf5 Nxf5 24. Nxf5+ gxf5 25. Kf2 b5 26. Ke3 Ke5 27. Kd3 Rd8+ 28. Kc3 a5 29. a3 h6 30. Bf3 Rc8+ 31. Kd3 Rc1 32. Kd2 Rc7 33. Kd3 Kd6 34. Bh5 Kc5 35. Bg6 Rd7+ 36. Ke3 Rd5 37. Bf7 Re5+ 38. Kd3 f4 39. gxf4 Rf5 40. Bg6 Rxf4 41. h3 Rh4 42. Bf5 Rh5 43. Bg4 Rd5+ 44. Kc3 b4+ 45. axb4+ axb4+ 46. Kb3 Re5 47. Bf3 Re3+ 48. Kc2 Kc4 49. Bg4 b3+ 50. Kd2 Rg3 51. Be6+ Kb4 52. Bf5 Rg5 53. Be6 Rc5 54. e3 Rc2+ 55. Kd3 Rxb2 56. e4 Rh2 57. e5 b2 58. Ba2 Ka3 59. Bb1 Rxh3+ 60. Kc2 Rh2+ 61. Kc3 Re2 0-1


[Site "https://www.chess.com"]

[Event "Titled Tuesday Blitz March 15 Late 2022"]
[White "Solon, Nathan"]
[Black "Suleymanli, Aydin"]
[WhiteFideId "2017229"]
[BlackFideId "13413937"]
[WhiteElo "2577"]
[BlackElo "2481"]
[Result "0-1"]
[Round "05"]
[TimeControl "180+1"]
[Date "2022.03.15"]
[WhiteClock "0:01:06"]
[BlackClock "0:00:06"]

1. d4 Nf6 2. Bg5 e6 3. e4 h6 4. Bxf6 Qxf6 5. c3 d6 6. Bd3 Nd7 7. Ne2 g5 8. O-O e5 9. Nd2 Bg7 10. Nc4 O-O 11. Ne3 Nb6 12. d5 c6 13. c4 cxd5 14. cxd5 Bd7 15. Ng3 Rfc8 16. a4 Rc7 17. a5 Nc8 18. Be2 b6 19. axb6 Nxb6 20. Bg4 Bb5 21. Be2 Bxe2 22. Qxe2 Rac8 23. Nef5 Bf8 24. h4 gxh4 25. Nh5 Qg6 26. Nxh4 Qg5 27. Nf5 Rc2 28. Qf3 Nc4 29. Rxa7 Nd2 30. Nxh6+ Qxh6 31. Qxf7+ Kh8 32. Nf6 Bg7 33. Ne8 Rxe8 34. Qxe8+ Kh7 35. Re1 Qg5 36. Re3 Rc1+ 37. Kh2 Nf1+ 38. Kh3 Nxe3 0-1


[Site "https://www.chess.com"]

[Event "Titled Tuesday Blitz March 15 Late 2022"]
[White "Spitzl, Vinzent"]
[Black "Kohler, Aran"]
[WhiteFideId "12901253"]
[BlackFideId "1002856"]
[WhiteElo "2160"]
[BlackElo "2288"]
[Result "1/2-1/2"]
[Round "05"]
[TimeControl "180+1"]
[Date "2022.03.16"]
[WhiteClock "0:00:03"]
[BlackClock "0:00:13"]

1. e4 e5 2. Nf3 d6 3. d4 f5 4. exf5 e4 5. Bg5 Be7 6. Bxe7 Qxe7 7. Ng1 Bxf5 8. Nc3 Nf6 9. Nge2 c6 10. Qd2 d5 11. O-O-O O-O 12. h3 b5 13. Re1 b4 14. Nd1 a5 15. Ne3 Bg6 16. Nf4 a4 17. Nxg6 hxg6 18. Kb1 Nbd7 19. Be2 Rfb8 20. Rc1 Nb6 21. c4 bxc3 22. Qxc3 Rc8 23. Bg4 Nbd7 24. h4 Nxg4 25. Nxg4 c5 26. dxc5 Rxc5 27. Qd4 Rb5 28. Ne3 Rab8 29. Rc2 Nf6 30. Rd1 a3 31. b3 Qe6 32. g4 Rb4 33. Qc3 d4 34. Rxd4 Rxb3+ 35. axb3 Rxb3+ 36. Kc1 Rxc3 37. Rxc3 a2 38. Ra4 Nxg4 39. Nxg4 Qxg4 40. Rxa2 Qxh4 41. Rg3 Qf4+ 42. Kd1 g5 43. Re2 Qe5 44. Rge3 Qa1+ 45. Kd2 Qb2+ 46. Kd1 Qb1+ 47. Kd2 Qb4+ 48. Kc2 Qc4+ 49. Kd2 Qd4+ 50. Kc2 Kh7 51. Rxe4 Qc5+ 52. Kd3 Qb5+ 53. Ke3 Qb3+ 54. Kd4 Qb4+ 55. Ke3 Kg6 56. Kf3 Qc3+ 57. R2e3 Qf6+ 58. Kg2 Qf5 59. Re6+ Kf7 60. R6e4 Qd5 61. Rf3+ Kg6 62. Rfe3 Kf5 63. Kg3 Qd6+ 64. Kf3 Qd5 65. Kg3 Qd6+ 66. Kg2 Qc6 67. f3 g4 68. Rxg4 Kf6 69. Kg3 Qc7+ 70. Rf4+ Kg5 71. Re4 g6 72. Kh3 Qxf4 73. Rxf4 Kxf4 74. Kg2 g5 75. Kf2 g4 76. fxg4 Kxg4 1/2-1/2


[Site "https://www.chess.com"]

[Event "Titled Tuesday Blitz March 15 Late 2022"]
[White "Srihari L R"]
[Black "Rozman, Levy"]
[WhiteFideId "46617116"]
[BlackFideId "2039877"]
[WhiteElo "2121"]
[BlackElo "2376"]
[Result "1-0"]
[Round "05"]
[TimeControl "180+1"]
[Date "2022.03.15"]
[WhiteClock "0:02:25"]
[BlackClock "0:01:55"]

1. c4 g6 2. Nc3 Bg7 3. g3 d6 4. Bg2 Nc6 5. e3 e5 6. Nge2 Bd7 7. d4 Qc8 8. Nd5 Nge7 9. dxe5 dxe5 10. b3 O-O 11. Ba3 Re8 12. O-O Nf5 13. Rc1 a5 14. Nec3 Be6 15. Nb5 1-0


[Site "https://www.chess.com"]

[Event "Titled Tuesday Blitz March 15 Late 2022"]
[White "Svicevic, Rastko"]
[Black "Vifleemskaia, Svetlana"]
[WhiteFideId "916315"]
[BlackFideId "4129490"]
[WhiteElo "2132"]
[BlackElo "1901"]
[Result "1-0"]
[Round "05"]
[TimeControl "180+1"]
[Date "2022.03.16"]
[WhiteClock "0:00:11"]
[BlackClock "0:00:01"]

1. e4 e5 2. Nf3 Nc6 3. Nc3 Nf6 4. d4 exd4 5. Nxd4 Bb4 6. Nxc6 bxc6 7. Bd3 d5 8. Bd2 O-O 9. O-O Bxc3 10. Bxc3 Nxe4 11. Bxe4 dxe4 12. Qe2 Re8 13. Rfd1 Qg5 14. Kh1 Bg4 15. Qd2 Qg6 16. Re1 h5 17. Qf4 Rac8 18. Re3 f6 19. Rae1 Kf7 20. f3 exf3 21. Rxe8 fxg2+ 22. Kg1 Rxe8 23. Qxc7+ Kg8 24. Qxc6 Rxe1+ 25. Bxe1 Be2 26. Qe6+ Qf7 27. Qxe2 Qxa2 28. Qe8+ Kh7 29. Qxh5+ Kg8 30. Qe8+ Kh7 31. Qe4+ Kg8 32. Bc3 Qb1+ 33. Kxg2 Qd1 34. Qa8+ Kh7 35. Qe4+ Kg8 36. Qd3 Qg4+ 37. Qg3 Qe6 38. Qb8+ Kh7 39. Qxa7 Qe2+ 40. Qf2 Qe4+ 41. Kf1 Qc4+ 42. Qe2 1-0


[Site "https://www.chess.com"]

[Event "Titled Tuesday Blitz March 15 Late 2022"]
[White "Taichman, Ori"]
[Black "Kovanova, Baira"]
[WhiteFideId "2804069"]
[BlackFideId "4164083"]
[WhiteElo "2227"]
[BlackElo "2190"]
[Result "1-0"]
[Round "05"]
[TimeControl "180+1"]
[Date "2022.03.16"]
[WhiteClock "0:00:05"]
[BlackClock "0:00:15"]

1. e4 e5 2. d4 exd4 3. Qxd4 Nc6 4. Qe3 g6 5. Nc3 Bg7 6. Bd2 Nge7 7. O-O-O O-O 8. Bc4 d6 9. h4 Be6 10. Bxe6 fxe6 11. h5 Qe8 12. Qh3 Qf7 13. Nf3 h6 14. hxg6 Qxg6 15. g4 Rf7 16. g5 Raf8 17. Nh4 Qh5 18. gxh6 Bxh6 19. Rdg1+ Kh7 20. Nf3 Qxh3 21. Rxh3 Rf6 22. Bxh6 Rxh6 23. Ng5+ Kg6 24. Nxe6+ Kf7 25. Rxh6 Rg8 26. Rxg8 Nxg8 27. Ng5+ Kg7 28. Rh1 Nd4 29. Nd5 c6 30. Nf4 Kf6 31. Nh7+ Kg7 32. c3 Nf3 33. Kc2 Ne7 34. Ne6+ Kf7 35. Nhg5+ Nxg5 36. Nxg5+ Kg6 37. f4 d5 38. exd5 Nxd5 39. Rf1 Kf5 40. Rf2 b5 41. Nf3 Kxf4 42. Nd4+ Kg3 43. Rf3+ Kg4 44. Rf8 Ne7 45. Rf7 Nd5 46. Nxc6 a6 47. Nb4 Ne3+ 48. Kb3 Nc4 49. Nxa6 Na5+ 50. Kb4 1-0


[Site "https://www.chess.com"]

[Event "Titled Tuesday Blitz March 15 Late 2022"]
[White "Tarigan, Gilbert Elroy"]
[Black "Zaksaite, Salomeja"]
[WhiteFideId "7108133"]
[BlackFideId "12801496"]
[WhiteElo "1908"]
[BlackElo "1953"]
[Result "1-0"]
[Round "05"]
[TimeControl "180+1"]
[Date "2022.03.16"]
[WhiteClock "0:00:05"]
[BlackClock "0:00:02"]

1. Nf3 Nf6 2. g3 g6 3. c4 Bg7 4. Bg2 d5 5. cxd5 Nxd5 6. O-O O-O 7. Nc3 Nb6 8. d3 e5 9. Bg5 f6 10. Be3 Be6 11. Bc5 Re8 12. d4 exd4 13. Nxd4 Bc8 14. Qb3+ Kh8 15. Rad1 Na6 16. Nc6 Nxc5 17. Rxd8 Rxd8 18. Qb5 bxc6 19. Qxc5 Rb8 20. Qxc6 Rd7 21. Rd1 Bb7 22. Qxd7 Nxd7 23. Rxd7 Bxg2 24. Kxg2 h5 25. b3 c6 26. Rc7 Rb6 27. Na4 Ra6 28. e4 Kg8 29. h4 Bf8 30. f4 c5 31. Kf3 Bd6 32. Rd7 Kf8 33. g4 hxg4+ 34. Kxg4 Ke8 35. Rg7 c4 36. Rxg6 cxb3 37. axb3 Kf7 38. h5 Bb4 39. Kf5 Ra5+ 40. Kg4 1-0


[Site "https://www.chess.com"]

[Event "Titled Tuesday Blitz March 15 Late 2022"]
[White "Travadon, Loic"]
[Black "Hess, Robert"]
[WhiteFideId "26092131"]
[BlackFideId "2022036"]
[WhiteElo "2095"]
[BlackElo "2557"]
[Result "0-1"]
[Round "05"]
[TimeControl "180+1"]
[Date "2022.03.15"]
[WhiteClock "0:01:00"]
[BlackClock "0:00:15"]

1. g3 g6 2. Bg2 Bg7 3. d4 e6 4. e4 Ne7 5. Ne2 d6 6. c4 Nd7 7. Nbc3 b6 8. a4 a5 9. e5 Ba6 10. exd6 cxd6 11. Nb5 Bxb5 12. axb5 Rc8 13. b3 d5 14. cxd5 Nxd5 15. O-O O-O 16. Ba3 Re8 17. Bxd5 exd5 18. Nf4 Nf6 19. Qd3 Bh6 20. Ng2 Ne4 21. Bb2 Qd7 22. Rfe1 Nd6 23. Re5 Nxb5 24. Rae1 Bg7 25. Nf4 Bxe5 26. dxe5 d4 27. h4 Rc5 28. e6 fxe6 29. Bc1 e5 30. Ng2 e4 31. Qd2 Qc6 32. h5 e3 33. Qd1 exf2+ 34. Kxf2 Rxe1 35. Nxe1 Rxc1 36. Qg4 Qf6+ 37. Ke2 Qe5+ 38. Kd3 Qe3# 0-1


[Site "https://www.chess.com"]